 Dungeon Sprint DCSS version 0.26-a0-708-g17f3b190f9 (webtiles) character file.

Game seed: 1999336965772069817

10784 mhtbhm the Fencer (level 11, -16/111 HPs)
             Began as a Grey Draconian Fighter on Oct 29, 2020.
             Was the Champion of Okawaru.
             Demolished by an orc knight
             ... wielding a +0 broad axe
              (22 damage)
             ... in the Dungeon (Sprint IX: "|||||||||||||||||||||||||||||").
             The game lasted 00:03:33 (2209 turns).

mhtbhm the Fencer (Grey Draconian Fighter)          Turns: 2209, Time: 00:03:34

Health: -16/111    AC: 14    Str: 21    XL:     11   Next: 40%
Magic:  11/11      EV: 18    Int:  8    God:    Okawaru [******]
Gold:   1331       SH: 13    Dex: 12    Spells: 10/10 levels left

rFire    + + .     SeeInvis .   a - +2 scimitar (flame)
rCold    . . .     Faith    .   b - +0 kite shield
rNeg     + . .     Spirit   .   (armour unavailable)
rPois    .         Reflect  .   (helmet restricted)
rElec    .         Harm     +   (no cloak)
rCorr    .         Rampage  .   (no gloves)
MR       .....     NoTele   +   p - +1 pair of boots of Arrokk {Harm rF++ rN+}
Stlth    +++.......             (no amulet)
HPRegen  0.28/turn              (no ring)
MPRegen  0.12/turn              (no ring)

@: no status effects
A: walk through water, unfitting armour, unbreathing, cold-blooded, AC +12
a: Heroism, Finesse, Renounce Religion


You were in the Dungeon.
You worshipped Okawaru.
Okawaru was exalted by your worship.
You visited 1 branch You collected 1331 gold pieces.

Inventory:

Hand Weapons
 a - a +2 scimitar of flaming (weapon)
Armour
 b - a +0 kite shield (worn)
 p - the +1 pair of boots of Arrokk (worn) {Harm rF++ rN+}
   (You found it in the Dungeon)

   It greatly protects you from fire.
   It protects you from negative energy.
   It increases damage dealt and taken.
Jewellery
 m - a +3 ring of intelligence
 n - a +3 ring of intelligence
Wands
 l - a wand of iceblast (5)
Scrolls
 i - 2 scrolls of blinking
 j - 3 scrolls of remove curse
 k - 2 scrolls of amnesia
 o - 10 scrolls of enchant weapon
Potions
 c - a potion of might
 d - 5 potions of curing
 e - 6 potions of heal wounds
 f - a potion of haste
 g - 4 potions of magic
 h - a potion of berserk rage


   Skills:
 + Level 14.8 Fighting
 + Level 16.3 Long Blades
 + Level 12.1 Dodging
 + Level 5.2 Stealth
 + Level 12.6 Shields
 + Level 1.7 Evocations


You had 10 spell levels left.
You didn't know any spells.
Your spell library was empty.

Dungeon Overview and Level Annotations

Branches:
Dungeon (1/1)

Altars:
Cheibriados
Dithmenos
Elyvilon
Fedhas
Gozag
Hepliaklqana
Kikubaaqudgha
Makhleb
Nemelex Xobeh
Okawaru
Qazlal
Ru
Sif Muna
Trog
Uskayaw
Vehumet
Wu Jian
Xom
Yredelemnul
Zin
The Shining One
Beogh
Jiyva
Lugonu

Shops:
D ?


Innate Abilities, Weirdness & Mutations

You can walk through water.
Your dull iron-grey scales are very hard. (AC +12)
You cannot fit into any form of body armour.
You can survive without breathing.
You are cold-blooded and may be slowed by cold attacks.


Message History

The orc knight is severely wounded.
The orc knight hits you with a +0 broad axe!
You hit the orc knight. You burn the orc knight.
You tail-slap the orc knight, but do no damage.
The orc knight is severely wounded.
You hit the orc knight. You burn the orc knight. You tail-slap the orc knight.
The orc knight is almost dead.
The orc knight hits you with a +0 broad axe!!
* * * LOW HITPOINT WARNING * * *
You hit the orc knight but do no damage.
The orc knight is almost dead.
The orc knight hits you with a +0 broad axe!
* * * LOW HITPOINT WARNING * * *
You hit the orc knight. You burn the orc knight.
The orc knight is almost dead.
You hit the orc knight but do no damage.
Your tail-slap misses the orc knight.
The orc knight is almost dead.
The orc knight hits you with a +0 broad axe!!
You die...

▓▓▓▓▓▓▓▓▓▓▓▓▓▓▓▓▓▓▓▓▓▓▓▓▓▓▓▓▓▓▓▓▓
.....).......)))@o)).......[)o)).
.▓▓▓▓▓▓▓▓▓▓▓▓▓▓▓▓▓▓▓▓▓▓▓▓▓▓▓▓▓▓▓▓
..)........).....................
▓▓▓▓▓▓▓▓▓▓▓▓▓▓▓▓▓▓▓▓▓▓▓▓▓▓▓▓▓▓▓▓▓
.......'.....([[.....'††......)'.
.▓▓▓▓▓▓▓▓▓▓▓▓▓▓▓▓▓▓▓▓▓▓▓▓▓▓▓▓▓▓▓▓
.................................
▓▓▓▓▓▓▓▓▓▓▓▓▓▓▓▓▓▓▓▓▓▓▓▓▓▓▓▓▓▓▓▓▓
<...')....'.....'________________


You could see an orc knight.

Vanquished Creatures
  A two-headed ogre (D)
  3 orc high priests (D)
  A death yak (D)
  An orc knight (D)
  3 lindwurms (D)
  A deep elf mage (D)
  A manticore (D)
  Psyche (D)
  2 cane toads (D)
  2 komodo dragons (D)
  A tyrant leech (D)
  A dream sheep (D)
  A wraith (D)
  A wyvern (D)
  A basilisk (D)
  4 yaks (D)
  2 water moccasins (D)
  14 orc warriors (D)
  An ice beast (D)
  2 sky beasts (D)
  2 ogres (D)
  A wolf (D)
  4 bullfrogs (D)
  2 orc priests (D)
  3 orc wizards (D)
  2 worker ants (D)
  An ufetubus (D)
  An adder zombie (D)
  4 worms (D)
  A leopard gecko (D)
  7 orcs (D)
  A goblin (D)
  A hobgoblin (D)
  A ball python skeleton (D)
  A bat (D)
  A frilled lizard (D)
77 creatures vanquished.

Notes
Turn   | Place    | Note
-------+----------+-------------------------------------------
     0 | D        | mhtbhm the Draconian Fighter began the quest for the Orb.
     0 | D        | Reached XP level 1. HP: 19/19 MP: 1/1
    85 | D        | Noticed a worker ant
    85 | D        | Noticed a sky beast
    85 | D        | Noticed a sky beast
    87 | D        | Reached XP level 2. HP: 27/27 MP: 2/2
    89 | D        | Reached skill level 5 in Fighting
    89 | D        | Reached XP level 3. HP: 36/36 MP: 3/3
    93 | D        | Killed a sky beast
    93 | D        | Reached skill level 3 in Long Blades
    93 | D        | Reached skill level 5 in Dodging
    93 | D        | Reached skill level 5 in Shields
    93 | D        | Reached XP level 4. HP: 45/45 MP: 4/4
    96 | D        | Killed a sky beast
    96 | D        | Reached skill level 4 in Long Blades
    96 | D        | Reached XP level 5. HP: 52/52 MP: 5/5
   106 | D        | Found a roughly hewn altar of Beogh.
   106 | D        | Found a snail-covered altar of Cheibriados.
   106 | D        | Found a shadowy altar of Dithmenos.
   106 | D        | Found a white marble altar of Elyvilon.
   106 | D        | Found a blossoming altar of Fedhas.
   106 | D        | Found an opulent altar of Gozag.
   107 | D        | Found a hazy altar of Hepliaklqana.
   108 | D        | Found a viscous altar of Jiyva.
   109 | D        | Found an ancient bone altar of Kikubaaqudgha.
   110 | D        | Found a corrupted altar of Lugonu.
   111 | D        | Found a burning altar of Makhleb.
   112 | D        | Found a sparkling altar of Nemelex Xobeh.
   113 | D        | Found an iron altar of Okawaru.
   114 | D        | Found a stormy altar of Qazlal.
   115 | D        | Found a sacrificial altar of Ru.
   116 | D        | Found a shimmering blue altar of Sif Muna.
   117 | D        | Found a bloodstained altar of Trog.
   118 | D        | Found a hide-covered altar of Uskayaw.
   119 | D        | Found a radiant altar of Vehumet.
   120 | D        | Found an ornate altar of the Wu Jian Council.
   121 | D        | Found a shimmering altar of Xom.
   126 | D        | Found a basalt altar of Yredelemnul.
   131 | D        | Found a glowing silver altar of Zin.
   132 | D        | Found a glowing golden altar of the Shining One.
   137 | D        | Became a worshipper of Warmaster Okawaru
   159 | D        | Found the +7 captain's cutlass {speed, disarm}
   189 | D        | Noticed a two-headed ogre
   189 | D        | Noticed an ogre
   202 | D        | Killed a two-headed ogre
   202 | D        | Reached * piety under Okawaru
   202 | D        | Reached ** piety under Okawaru
   202 | D        | Reached skill level 8 in Long Blades
   202 | D        | Reached skill level 1 in Stealth
   202 | D        | Reached XP level 6. HP: 18/66 MP: 6/6
   202 | D        | Your scales start taking on a dull iron-grey colour.
   202 | D        | Reached XP level 7. HP: 20/71 MP: 7/7
   202 | D        | Gained mutation: You can survive without breathing. [Grey
                  | Draconian growth]
   204 | D        | Reached skill level 10 in Fighting
   210 | D        | Reached XP level 8. HP: 48/79 MP: 8/8
   221 | D        | Noticed a manticore
   221 | D        | Noticed a deep elf mage
   232 | D        | Reached *** piety under Okawaru
   235 | D        | Killed a manticore
   235 | D        | Reached skill level 9 in Long Blades
   247 | D        | Reached skill level 10 in Long Blades
   250 | D        | Reached **** piety under Okawaru
   683 | D        | Killed a deep elf mage
   683 | D        | Reached skill level 11 in Long Blades
   683 | D        | Reached XP level 9. HP: 34/89 MP: 9/9
  1032 | D        | Got the +1 pair of boots of Arrokk {Harm rF++ rN+}
  1060 | D        | Reached skill level 10 in Dodging
  1060 | D        | Noticed a komodo dragon
  1064 | D        | Reached skill level 12 in Long Blades
  1064 | D        | Reached skill level 10 in Shields
  1079 | D        | Killed a komodo dragon
  1079 | D        | Reached ***** piety under Okawaru
  1099 | D        | Noticed a cane toad
  1108 | D        | Received a gift from Okawaru
  1108 | D        | Reached skill level 13 in Long Blades
  1109 | D        | Noticed a death yak
  1111 | D        | Noticed a komodo dragon
  1112 | D        | Killed a cane toad
  1113 | D        | Noticed a cane toad
  1121 | D        | Reached XP level 10. HP: 91/97 MP: 10/10
  1131 | D        | Killed a death yak
  1131 | D        | Reached skill level 14 in Long Blades
  1141 | D        | Killed a cane toad
  1271 | D        | Noticed a lindwurm
  1271 | D        | Noticed a lindwurm
  1275 | D        | Killed a lindwurm
  1276 | D        | Noticed a lindwurm
  1288 | D        | Killed a lindwurm
  1288 | D        | Reached skill level 15 in Long Blades
  1315 | D        | Killed a lindwurm
  1315 | D        | Reached ****** piety under Okawaru
  1485 | D        | Noticed Psyche
  1495 | D        | Killed Psyche
  1691 | D        | Received a gift from Okawaru
  1691 | D        | Reached XP level 11. HP: 108/108 MP: 11/11
  1716 | D        | Noticed an orc high priest
  1743 | D        | Killed an orc high priest
  1743 | D        | Reached skill level 16 in Long Blades
  2017 | D        | Found Kokkom's Magic Scroll Emporium.
  2017 | D        | Noticed an orc knight
  2017 | D        | Noticed an orc high priest
  2017 | D        | Noticed an orc high priest
  2017 | D        | Noticed an orc knight
  2017 | D        | Noticed an orc high priest
  2122 | D        | Killed an orc knight
  2122 | D        | Reached skill level 5 in Stealth
  2122 | D        | Reached skill level 1 in Evocations
  2168 | D        | Noticed a sun demon
  2169 | D        | Killed an orc high priest
  2178 | D        | Noticed a sixfirhy
  2182 | D        | Killed an orc high priest
  2209 | D        | Demolished by an orc knight

Illustrated notes

Levels and vault maps discovered:
D:        linesprint [early_d, line_temple, items_1, d_10, items_2, lair_1,
          lair_end, items_3, orc_1, orc_end, items_4, d_15, swamp_1, shoals_1,
          snake_1, spider_1, d_20, vaults_1, items_5, swamp_end, shoals_end,
          snake_end, spider_end, vaults_end, d_27, items_6, zot_1, zot_end,
          crypt_end, forest_end, elf_end, slime_end, tomb_end, abyss_end,
          pan_hell_end]

Skill      XL: |  1  2  3  4  5  6  7  8  9 10 11 |
---------------+----------------------------------+-----
Dodging        | 3 4 5 6 9 10 11 12 | 12.1
Fighting       | 4 5 6 7 9 10 11 12 13 14 | 14.8
Shields        | 4 5 6 8 9 10 11 12 | 12.6
Long Blades    | 3 4 8 11 13 15 16 | 16.3
Stealth        | 1 3 4 5 |  5.2
Evocations     | 1 |  1.7

Action                   |  1- 3 |  4- 6 |  7- 9 | 10-12 || total
-------------------------+-------+-------+-------+-------++-------
Melee: Long sword        |    16 |     6 |       |       ||    22
       Tailslap          |     2 |     4 |    23 |    35 ||    64
       Scimitar          |       |    11 |   118 |   192 ||   321
Evoke: Wand              |       |       |       |     5 ||     5
  Use: Potion            |     1 |     2 |     3 |       ||     6
 Stab: Invisible         |       |     1 |     3 |       ||     4
       Sleeping          |       |       |     1 |     2 ||     3
Armor: Skin              |     2 |       |    11 |     5 ||    18
Dodge: Dodged            |     7 |    11 |    55 |    58 ||   131
Block: Kite shield       |     3 |     7 |    42 |    59 ||   111
       Rpst.: Long sword |     2 |     2 |       |       ||     4
       Scimitar          |       |     2 |    18 |    15 ||    35

Table legend: (Time is in decaauts)
 A = Elapsed time spent in this place.
 B = Non-inter-level travel time spent in this place.
 C = Inter-level travel time spent in this place.
 D = Time resting spent in this place.
 E = Time spent auto-exploring this place.
 F = Levels seen in this place.
 G = Mean time per level.
                   A        B        C        D        E       F      G
               +--------+--------+--------+--------+--------+-----+--------+
         Total |   2175 |   2175 |      0 |    746 |    469 |   1 | 2175.0 |
       Dungeon |   2175 |   2175 |      0 |    746 |    469 |   1 | 2175.0 |
               +--------+--------+--------+--------+--------+-----+--------+

Top non-repeatable levels by time:
       D: 2175 daAuts
